 Dungeon Sprint DCSS version 0.22-a0-348-gd16d139 (webtiles) character file.

60 emperorscorpion the Archer (level 3, 0/31 HPs)
             Began as a Centaur Hunter on Apr 10, 2018.
             Slain by a crimson imp (2 damage)
             ... in the Dungeon (Sprint IX: "|||||||||||||||||||||||||||||").
             The game lasted 00:00:28 (133 turns).

emperorscorpion the Archer (Centaur Hunter)          Turns: 133, Time: 00:00:28

Health: 0/31       AC:  4    Str: 14    XL:     3   Next: 80%
Magic:  3/3        EV:  9    Int: 10    God:
Gold:   0          SH:  0    Dex: 10    Spells: 2/2 levels left

rFire    . . .     SeeInvis .   b - +0 short sword
rCold    . . .     Gourm    .   (no shield)
rNeg     . . .     Faith    .   c - +0 leather armour
rPois    .         Spirit   .   (no helmet)
rElec    .         Reflect  .   (no cloak)
rCorr    .         Harm     .   (no gloves)
MR       .....     NoTele   +   (no barding)
Stlth    +.........             (no amulet)
HPRegen  0.10/turn              (no ring)
MPRegen  0.08/turn              (no ring)

@: berserk cooldown, slowed
A: large, hooves 3, deformed body, speed 2, tough skin 3
a: no special abilities


You were in the Dungeon.
You were not hungry.

You visited 1 branch

Inventory:

Hand Weapons
 a - a +1 shortbow
 b - a +0 short sword (weapon)
Missiles
 d - 20 arrows
Armour
 c - a +0 leather armour (worn)
Scrolls
 k - a scroll of blinking
Potions
 e - a potion of curing
 g - a potion of heal wounds
 h - a potion of haste
 i - 2 potions of magic
Comestibles
 f - a ration
 l - a chunk of flesh


   Skills:
 + Level 3.0 Fighting
 + Level 1.2 Short Blades
 + Level 9.9 Bows
 + Level 0.8 Armour
 + Level 2.0 Dodging
 + Level 0.4 Stealth


You had 2 spell levels left.
You didn't know any spells.

Dungeon Overview and Level Annotations

Branches:
Dungeon (1/1)

Altars:


Innate Abilities, Weirdness & Mutations

You have hooves in place of feet.
Armour fits poorly on your strangely shaped body.
You cover ground very quickly.
You have extremely tough skin. (AC +3)


Message History

The crimson imp hits you but does no damage.
You completely miss the crimson imp. Your kick misses the crimson imp.
The crimson imp is heavily wounded.
The crimson imp hits you but does no damage.
You hit the crimson imp but do no damage.
The crimson imp is moderately wounded.
The crimson imp hits you but does no damage.
The crimson imp barely misses you.
You miss the crimson imp. You kick the crimson imp.
The crimson imp is heavily wounded.
The crimson imp barely misses you.
You hit the crimson imp. Your kick misses the crimson imp.
The crimson imp is heavily wounded.
The crimson imp hits you.
* * * LOW HITPOINT WARNING * * *
The crimson imp hits you but does no damage.
You hit the crimson imp. Your kick misses the crimson imp.
The crimson imp is almost dead.
The crimson imp hits you.
You die... ▓▓▓▓▓▓▓▓▓▓▓▓▓▓▓▓▓▓ +....@5....)÷...<▓ ▓▓▓▓▓▓▓▓▓▓▓▓▓▓▓▓▓▓

You could see a crimson imp.

Vanquished Creatures
  A hound (D)
  An adder (D)
  A shadow imp (D)
  An adder zombie (D)
  2 hobgoblins (D)
  A bat (D)
  A kobold (D)
  A rat (D)
9 creatures vanquished.

Notes
Turn   | Place    | Note
-------+----------+-------------------------------------------
     0 | D        | emperorscorpion the Centaur Hunter began the quest for the Orb.
     0 | D        | Reached XP level 1. HP: 17/17 MP: 1/1
     9 | D        | Reached skill level 6 in Bows
    96 | D        | Noticed a crimson imp
    96 | D        | Noticed a hound
   107 | D        | Reached skill level 7 in Bows
   107 | D        | Reached XP level 2. HP: 12/25 MP: 2/2
   111 | D        | Reached skill level 1 in Short Blades
   111 | D        | Reached skill level 9 in Bows
   111 | D        | Reached XP level 3. HP: 13/31 MP: 3/3
   132 | D        | HP: 1/31 [crimson imp (4)]
   133 | D        | Slain by a crimson imp

Vault maps used:
D:        linesprint

Skill      XL: |  1  2  3 |
---------------+----------+-----
Bows           | 7 9 |  9.9
Fighting       | 3 |  3.0
Short Blades   | 1 |  1.2
Dodging        | 2 |  2.0
Armour         | |  0.8
Stealth        | |  0.4

Action                   || total
-------------------------++-------
Melee: Short sword       ||    45
       Kick              ||     9
  Use: Potion            ||     1
Armor: Leather armour    ||    17
Dodge: Dodged            ||    18

Table legend:
 A = Spawn XP
 B = Non-spawn XP
 C = Spawn XP percentage of total XP
 D = Spawn monster count
 E = Non-spawn monster count
 F = Spawn count percentage of total count
 G = Total turns spent on level
                    A         B        C        D         E        F      G
               +---------+---------+-------+---------+---------+-------+---------
         Total |       0 |      86 |   0.0 |       0 |       9 |   0.0 |   133
               +---------+---------+-------+---------+---------+-------+---------
             D |       0 |      86 |   0.0 |       0 |       9 |   0.0 |   133
               +---------+---------+-------+---------+---------+-------+---------
